General information
- name: 1v1 + obs
- type: Custom game
- host: OrC_SpiRiT
- saver: carlsonnn
map: EchoIsles
- players: 11
- length: 16:30
- speed: Fast
- version: 1.26 W3XP
- replay type: Public
» download(117 KB)
Players
team 1 (loser)
OrC_SpiRiT (
dark-green | 163 APM | 2680 actions | 16:29)
4 Far Seer
2 Feral Spirit
2 Chain Lighting
2 Shadow Hunter
1 Hex
1 Healing Wave
» actions
| Assign group hotkey | 57 | |
| Basic commands | 173 | |
| Build / train | 55 | |
| Enter build submenu | 13 | |
| Enter hero's abilities submenu | 7 | |
| Give item / drop item | 4 | |
| Right click | 959 | |
| Select / deselect | 500 | |
| Select group hotkey | 782 | |
| Use ability | 130 | |
2680 total
» units
| Peon | 7 | |
| Grunt | 3 | |
| Troll Witch Doctor | 6 | |
| Forest Troll Shadow Priest | 1 | |
| Spirit Walker | 3 | |
| Shaman | 3 | |
23 total
» upgrades
| Witch Doctor Training | 2 | |
| Shaman Training | 2 | |
4 total
» buildings
| Altar of Storms | 1 | |
| Orc Burrow | 4 | |
| Barracks | 1 | |
| Voodoo Lounge | 4 | |
| Stronghold | 1 | |
| Spirit Lodge | 2 | |
| Fortress | 1 | |
14 total
» build order
00:05 Altar of Storms
00:15 Orc Burrow
00:34 Barracks
01:29 Orc Burrow
01:49 Voodoo Lounge
01:52 Voodoo Lounge
02:54 Stronghold
04:13 Orc Burrow
05:42 Spirit Lodge
05:51 Spirit Lodge
06:45 Voodoo Lounge
06:57 Fortress
07:49 Orc Burrow
13:28 Voodoo Lounge
» items
| Healing Salve | 3 | |
| Lesser Clarity Potion | 7 | |
| Scroll of Speed | 2 | |
| Dust of Appearance | 1 | |
| Staff of Teleportation | 1 | |
| Scroll of Town Portal | 2 | |
| Scroll of Protection | 1 | |
| Scroll of Healing | 1 | |
18 total
team 2 (winner)
carlsonnn (
blue | 144 APM | 2382 actions | 16:30)
5 Blademaster
2 Wind Walk
3 Critical Strike
4 Shadow Hunter
2 Hex
2 Healing Wave
» actions
| Assign group hotkey | 54 | |
| Basic commands | 4 | |
| Build / train | 70 | |
| ESC pressed | 3 | |
| Enter build submenu | 15 | |
| Enter hero's abilities submenu | 9 | |
| Give item / drop item | 3 | |
| Right click | 936 | |
| Select / deselect | 638 | |
| Select group hotkey | 518 | |
| Use ability | 132 | |
2382 total
» units
| Peon | 11 | |
| Grunt | 5 | |
| Raider | 3 | |
| Spirit Walker | 4 | |
| Kodo Beast | 2 | |
| Demolisher | 3 | |
| Wind Rider | 3 | |
31 total
» upgrades
| Berserker Strength | 1 | |
| Ensnare | 1 | |
| Spirit Walker Training | 2 | |
| Armor | 1 | |
| Troll Regeneration | 1 | |
| Pillage | 1 | |
| Melee Weapons | 1 | |
| Ranged Weapons | 1 | |
9 total
» buildings
| Altar of Storms | 1 | |
| Orc Burrow | 6 | |
| Barracks | 1 | |
| Voodoo Lounge | 1 | |
| Stronghold | 1 | |
| War Mill | 1 | |
| Beastiary | 1 | |
| Spirit Lodge | 1 | |
| Watch Tower | 1 | |
| Great Hall | 1 | |
15 total
» build order
00:06 Altar of Storms
00:18 Orc Burrow
00:33 Barracks
01:27 Orc Burrow
01:49 Voodoo Lounge
03:18 Stronghold
03:58 Orc Burrow
05:04 War Mill
05:44 Beastiary
05:47 Spirit Lodge
07:04 Orc Burrow
09:40 Watch Tower
10:01 Great Hall
13:28 Orc Burrow
14:09 Orc Burrow
» items
| Healing Salve | 8 | |
| Boots of Speed | 1 | |
| Lesser Clarity Potion | 5 | |
| Scroll of Speed | 2 | |
| Potion of Mana | 1 | |
17 total
observersiplayonlyheropl,
der.beginner.,
Wynwig_van_Bera,
bmpredator,
zoura,
KlNG_OF_HELL,
Djoba,
mickey,
Timmy123 Chat log
(16:23 / All) OrC_SpiRiT: gg
(16:25 / All) carlsonnn: gg